 Dungeon Crawl Stone Soup version 0.23.1 (webtiles) character file.

Game seed: 17951164513539910276

2577 misha the Basher (level 9, -3/84 (86) HPs)
             Began as a Minotaur Berserker on Mar 3, 2019.
             Was an Elder of Trog.
             Slain by a basilisk (6 damage)
             ... while petrified by a basilisk
             ... on level 7 of the Dungeon.
             The game lasted 00:26:15 (10712 turns).

misha the Basher (Minotaur Berserker)              Turns: 10712, Time: 00:26:16

HP:   -3/84 (86)    AC:  3    Str: 24    XL:     9   Next: 32%
MP:   8/8           EV:  2    Int:  4    God:    Trog [****..]
Gold: 399           SH:  0    Dex: 11    Spells: 8/8 levels left

rFire    . . .     SeeInvis .   a - +0 mace
rCold    . . .     Gourm    .   (no shield)
rNeg     + + +     Faith    .   H - +0 animal skin
rPois    ∞         Spirit   .   (helmet restricted)
rElec    .         Reflect  .   (no cloak)
rCorr    .         Harm     .   v - +0 pair of gloves
MR       .....                  (no boots)
Stlth    +.........             P - amulet of magic regeneration
HPRegen  0.24/turn              (no ring)
MPRegen  0.36/turn              (no ring)

@: petrified, berserk cooldown, slowed
A: retaliatory headbutt, horns 2
a: Berserk, Trog's Hand, Brothers in Arms, Renounce Religion


You were on level 7 of the Dungeon.
You worshipped Trog.
Trog was greatly pleased with you.
You were very hungry.

You visited 1 branch of the dungeon, and saw 7 of its levels.
You also visited: Ossuary.

You collected 399 gold pieces.

Inventory:

Hand Weapons
 a - a +0 mace (weapon)
 b - a +0 shortbow
 q - a +2 mace of crushing
 J - a +0 blowgun
 O - a +3 dire flail of protection
Missiles
 e - 187 stones (quivered)
 m - 155 arrows
 s - 3 tomahawks
 y - 51 sling bullets
 A - 40 bolts
 I - 24 poisoned needles
 K - 2 throwing nets
Armour
 v - a +0 pair of gloves (worn)
 H - a +0 animal skin (worn)
Jewellery
 P - an amulet of magic regeneration (around neck)
Wands
 x - a wand of paralysis (10)
Scrolls
 f - 11 scrolls of remove curse
 g - 5 scrolls of amnesia
 h - 2 scrolls of blinking {unknown}
 i - 9 scrolls of teleportation {unknown}
 n - 3 scrolls of identify {unknown}
 p - 2 scrolls of fog {unknown}
 t - 2 scrolls of enchant weapon {unknown}
 w - a scroll of random uselessness {unknown}
 C - 2 scrolls of enchant armour {unknown}
 E - a scroll of magic mapping {unknown}
 M - 2 scrolls of immolation {unknown}
 N - a scroll of fear {unknown}
 Q - a scroll of brand weapon {unknown}
Potions
 d - 4 potions of flight {unknown}
 j - 3 potions of ambrosia {unknown}
 k - a potion of agility {unknown}
 l - 3 potions of brilliance {unknown}
 o - 3 potions of might {unknown}
 r - 4 potions of haste {unknown}
 u - 2 potions of heal wounds {unknown}
 z - a potion of degeneration {unknown}
 B - a potion of berserk rage {unknown}
 D - 3 potions of curing
 F - a potion of resistance {unknown}
 G - a potion of magic {unknown}
 L - a potion of cancellation {unknown}
Comestibles
 c - 2 rations


   Skills:
 + Level 10.4 Fighting
 + Level 10.5 Maces & Flails
 + Level 5.2 Bows
 - Level 2.4 Armour
 - Level 2.2 Dodging


You had 8 spell levels left.
You didn't know any spells.
Your spell library was empty.

Dungeon Overview and Level Annotations

Branches:
Dungeon (7/15)             Temple (0/1) D:5

Altars:
Cheibriados
Xom

Shops:
D:4 %


Innate Abilities, Weirdness & Mutations

You reflexively headbutt those who attack you in melee.
You have a pair of horns on your head.


Message History

You closely miss the basilisk.
The basilisk is heavily wounded.
The basilisk gazes at you.
You are slowing down.
You hit the basilisk. Your headbutt misses the basilisk.
The basilisk is heavily wounded.
The basilisk gazes at you. You resist with some effort.
The basilisk closely misses you.
You have turned to stone.
The basilisk bites you!
* * * LOW HITPOINT WARNING * * *
The basilisk gazes at you. The basilisk bites you!
* * * LOW HITPOINT WARNING * * *
The basilisk bites you!!
* * * LOW HITPOINT WARNING * * *
The basilisk bites you!
* * * LOW HITPOINT WARNING * * *
The basilisk bites you!
You die...

. ##.#.#.##
##.....##..........
. ###.### ###.###
.......... #.....#
##.## #........÷.
#.#...#.# ###.#.#
##..#+#.... #.
##.## .###.#.#.#
##.#...... #. ###
.#..#†#.# #.###....
# #..#.#.# ###....
JJ.Cl..#.#.#.#
#......
}|....##l#@#.#
#...>.. [=:##.
#o#l#.# #....#. ##
. #.#J# #...<#+ .#
##J## #...... .#
### #..<.<. ##
#...... #......
....... ....#+##


You could see 2 slime creatures and a basilisk.

Vanquished Creatures
  A hippogriff (D:7)
  A wraith (D:6)
  A hungry ghost (D:7)
  Edmund (D:6)
  An ogre (D:7)
  A necrophage (D:7)
  2 centaurs
  A big kobold (D:5)
  3 bullfrogs
  3 scorpions
  A crimson imp (D:5)
  A bullfrog zombie (D:3)
  A centaur zombie (D:6)
  3 hounds
  An orc priest (D:6)
  10 orc wizards
  A bullfrog skeleton (D:6)
  A jelly (D:7)
  2 centaur skeletons (D:4)
  2 worker ants
  13 mummies (Ossuary)
  11 adders
  7 gnolls
  2 shadow imps
  An ooze (D:5)
  8 worms
  A dart slug (D:1)
  7 leopard geckos
  20 orcs
  A ball python (D:5)
  3 giant cockroaches
  3 goblins
  5 hobgoblins
  8 jackals
  4 quokkas
  8 bats
  5 frilled lizards
  2 gnoll skeletons (Ossuary)
  2 goblin skeletons (Ossuary)
  A jackal skeleton (D:6)
  16 kobolds
  2 kobold skeletons (Ossuary)
  2 orc skeletons (Ossuary)
  6 rats
  11 rat skeletons (Ossuary)
  3 bushes (D:5)
  6 plants (D:5)
196 creatures vanquished.

Vanquished Creatures (collateral kills)
  A centaur (D:6)
  2 orc priests (D:6)
  An orc wizard (D:6)
  5 orcs (D:6)
9 creatures vanquished.

Vanquished Creatures (others)
  A bush (D:6)
1 creature vanquished.

Grand Total: 206 creatures vanquished

Notes
Turn   | Place    | Note
-------+----------+-------------------------------------------
     0 | D:1      | misha the Minotaur Berserker began the quest for the Orb.
     0 | D:1      | Reached XP level 1. HP: 19/19 MP: 0/0
   230 | D:1      | Reached XP level 2. HP: 19/27 MP: 1/1
  1016 | D:2      | Reached XP level 3. HP: 33/33 MP: 2/2
  1319 | D:2      | Found a shimmering altar of Xom.
  1338 | D:2      | Reached ** piety under Trog
  1493 | D:2      | Reached skill level 5 in Maces & Flails
  1529 | D:2      | Reached XP level 4. HP: 41/41 MP: 3/3
  1601 | D:2      | Reached skill level 5 in Fighting
  2350 | D:3      | Reached XP level 5. HP: 34/48 MP: 4/4
  3036 | D:3      | Reached XP level 6. HP: 41/57 MP: 5/5
  3668 | D:4      | Found Xegg's Food Shop.
  4351 | D:4      | Reached *** piety under Trog
  4747 | D:5      | Entered Level 5 of the Dungeon
  4776 | D:5      | Found a sand-covered staircase.
  4781 | Ossuary  | Entered an ossuary
  4821 | Ossuary  | Reached XP level 7. HP: 47/66 MP: 6/6
  5303 | Ossuary  | Reached **** piety under Trog
  5639 | D:5      | Found a staircase to the Ecumenical Temple.
  5834 | D:5      | Found a snail-covered altar of Cheibriados.
  6213 | D:5      | Reached XP level 8. HP: 62/75 MP: 7/7
  6619 | D:5      | Reached skill level 1 in Bows
  9583 | D:6      | Noticed Edmund
  9611 | D:6      | Killed Edmund
 10006 | D:7      | Noticed a hippogriff
 10014 | D:7      | Killed a hippogriff
 10014 | D:7      | Reached skill level 10 in Maces & Flails
 10014 | D:7      | Reached XP level 9. HP: 85/85 MP: 8/8
 10090 | D:7      | Reached skill level 10 in Fighting
 10477 | D:7      | Reached skill level 5 in Bows
 10678 | D:7      | Noticed a cyclops
 10711 | D:7      | HP: 2/84 [basilisk (5)]
 10712 | D:7      | Slain by a basilisk

Skill      XL: |  1  2  3  4  5  6  7  8  9 |
---------------+----------------------------+-----
Maces & Flails | 4 5 6 7 8 10 | 10.5
Fighting       | 4 5 6 7 8 9 10 | 10.4
Bows           | 4 5 |  5.2
Armour         | |  2.4
Dodging        | |  2.2

Action                   |  1- 3 |  4- 6 |  7- 9 || total
-------------------------+-------+-------+-------++-------
Melee: Mace              |    85 |   125 |   358 ||   568
       Headbutt          |     8 |    18 |   110 ||   136
       Shortbow          |       |       |     2 ||     2
 Fire: Shortbow          |       |       |    32 ||    32
Invok: Berserk           |       |     2 |     8 ||    10
       Brothers in Arms  |       |       |     1 ||     1
  Use: Scroll            |       |       |     2 ||     2
  Eat: Chunk             |     1 |     8 |     7 ||    16
       Ration            |       |     1 |     7 ||     8
Armor: Animal skin       |    27 |    18 |    22 ||    67
Dodge: Dodged            |    85 |    89 |   122 ||   296
